 Dungeon Crawl Stone Soup version 0.29-a0-1043-g569b05d6ff (webtiles) character file.

Game seed: 1602556495036511766

2739 purpskrrrp the Basher (level 9, -4/55 HPs)
             Began as a Gargoyle Monk on Aug 16, 2022.
             Was a Believer of Qazlal.
             Slain by a killer bee (6 damage)
             ... on level 7 of the Dungeon.
             The game lasted 00:21:21 (7576 turns).

purpskrrrp the Basher (Gargoyle Monk)               Turns: 7576, Time: 00:21:21

Health: -4/55      AC: 18    Str: 19    XL:     9   Next: 68%
Magic:  9/9        EV: 13    Int: 11    God:    Qazlal [**....]
Gold:   332        SH:  0    Dex: 12    Spells: 8/8 levels left

rFire   . . .      SeeInvis +   m - +3 flail (protect)
rCold   . . .      Faith    .   (no shield)
rNeg    + . .      Spirit   .   z - +0 steam dragon scales
rPois   ∞          Reflect  .   d - +2 helmet
rElec   +          Harm     .   g - +1 cloak
rCorr   +          Rampage  .   x - +0 pair of gloves
Will    .....                   (no boots)
Stlth   +.........              (no amulet)
HPRegen 0.18/turn               i - ring of see invisible
MPRegen 0.11/turn               j - ring of resist corrosion

@: confused, ambrosia-drunk, studying Transmutations
A: sickness immunity, AC +6, negative energy resistance 1, electricity
resistance, torment resistance 1, petrification resistance
a: Renounce Religion, Upheaval


You were on level 7 of the Dungeon.
You worshipped Qazlal.
Qazlal was pleased with you.
You visited 2 branches of the dungeon, and saw 9 of its levels.

You collected 332 gold pieces.

Inventory:

Hand Weapons
 a - a +0 mace
 k - a +2 hand axe of freezing
 m - a +3 flail of protection (weapon)
Missiles
 f - 8 poisoned darts (quivered)
 G - 2 throwing nets
Armour
 b - a +1 robe
 d - a +2 helmet (worn)
 g - a +1 cloak (worn)
 h - a +0 ring mail
 x - a +0 pair of gloves (worn)
 z - +0 steam dragon scales (worn)
Jewellery
 i - a ring of see invisible (left hand)
 j - a ring of resist corrosion (right hand)
 u - a ring of protection from fire
 F - an amulet of the acrobat
Wands
 t - a wand of flame (9)
Scrolls
 s - 2 scrolls of silence
 y - 3 scrolls of brand weapon {unknown}
 A - a scroll of identify
 B - a scroll of enchant armour
 D - a scroll of fog {unknown}
 E - a scroll of fear {unknown}
Potions
 e - a potion of lignification
 l - a potion of cancellation
 n - 2 potions of brilliance
 o - 2 potions of invisibility
 p - 2 potions of flight {unknown}
 q - 2 potions of curing {unknown}
 r - 2 potions of magic {unknown}
 v - a potion of degeneration {unknown}
 w - a potion of attraction {unknown}
 C - 2 potions of heal wounds {unknown}


   Skills:
 - Level 5.7 Fighting
 - Level 0.3(5.9) Axes
 + Level 10.3(10.4) Maces & Flails
 - Level 4.0 Armour
 - Level 4.3 Dodging
 - Level 2.1 Stealth
 - Level 3.9 Unarmed Combat


You had 8 spell levels left.
You didn't know any spells.
Your spell library contained the following spells:

 Spells                   Type           Power      Damage    Failure   Level
 Slow                     Hex            0%         N/A       34%         1
 Sting                    Tmut/Pois      0%         1d3       34%         1
 Ensorcelled Hibernation  Hex/Ice        0%         N/A       47%         2
 Poisonous Vapours        Pois/Air       0%         N/A       47%         2
 Confusing Touch          Hex            0%         N/A       71%         3
 Spider Form              Tmut/Pois      0%         N/A       71%         3
 Vampiric Draining        Necr           0%         2d6       71%         3
 Anguish                  Hex/Necr       0%         N/A       98%         4
 Olgreb's Toxic Radiance  Pois           0%         N/A       98%         4


Dungeon Overview and Level Annotations

Branches:
Dungeon (8/15)             Temple (1/1) D:7
   Lair: D:8-11

Altars:
Ashenzari
Cheibriados
Dithmenos
Elyvilon
Fedhas
Kikubaaqudgha
Okawaru
Qazlal
Ru
Sif Muna
Uskayaw
Vehumet
Wu Jian
Xom
Yredelemnul
Zin
The Shining One


Innate Abilities, Weirdness & Mutations

You are immune to sickness and miasma.
Your stone body is resilient. (AC +6)
You are immune to poison.
You resist negative energy. (rN+)
You are resistant to electric shocks. (rElec)
You are resistant to unholy torment.
You are immune to petrification.


Message History

The killer bee stings you but does no damage.
The centaur wields a +0 shortbow.
The centaur shoots an arrow.
The arrow hits you but does no damage. You block the hornet's attack.
The killer bee stings you but does no damage.
The yak gores you. The yak gores you but does no damage. The yak gores you.
You barely miss the yak.
The yak is almost dead.
The centaur shoots an arrow.
The arrow hits you but does no damage. The hornet misses you.
The killer bee stings you.
The centaur shoots an arrow.
The arrow hits you.
The hornet stings you but does no damage.
The yak misses you. The yak closely misses you.
The killer bee barely misses you. The yak barely misses you.
You sock the yak!
You kill the yak!
Qazlal accepts your kill. The killer bee misses you.
The hornet closely misses you. The yak gores you!
* * * LOW HITPOINT WARNING * * *
The killer bee stings you but does no damage.
There is a stone staircase leading up, spattered with blood here.
You see here a yak corpse.
The killer bee stings you but does no damage.
The centaur shoots an arrow.
You block the arrow. The hornet stings you.
* * * LOW HITPOINT WARNING * * *
The yak completely misses you.
The killer bee stings you but does no damage.
The hornet stings you!
* * * LOW HITPOINT WARNING * * *
The centaur shoots an arrow.
The arrow hits you but does no damage.
You hear a shout!
You climb upwards.
There is a stone staircase leading down here.
Okay, then.
Okay, then.
You are confused.
You feel invigorated. The killer bee barely misses you. The yak gores you.
* * * LOW HITPOINT WARNING * * *
The hornet misses you. The killer bee stings you.
You die...

##.....##### #.#
#.....[....# #.#
##.....#...##### #.#
##............# #.#
##...........# #.#
##..........# #.#
#.##...##.#########.##
#.##.yy##.............
#.###@##########.#####
#.# #Y##########.# #
##### #.#
#.##.........# #
####...# #.#
#......#####.# #
.......#####.# ####.#.#
#.#####
####.........######.#.#
#......
##...............#.#
###..##
###...###########.#
###..## ###.#
#######.#####......


You could see a yak, a hornet and a killer bee.

Vanquished Creatures
  Grinder (D:5)
  A hornet (D:7)
  A yak (D:8)
  A steam dragon (D:6)
  An orc warrior (D:7)
  3 ice beasts
  A black bear (D:7)
  A sky beast (D:7)
  4 ogres (D:5)
  3 centaurs (D:7)
  A phantom (D:7)
  A necrophage (D:6)
  A bullfrog (D:7)
  3 scorpions
  A killer bee (D:7)
  A howler monkey (D:5)
  2 jellies
  An orc priest (D:7)
  A gnoll bouda (D:7)
  2 hounds
  2 orc wizards
  12 gnolls
  3 adders
  A shadow imp (D:7)
  2 white imps
  An ufetubus (D:5)
  A dart slug (D:4)
  14 orcs
  4 ball pythons
  2 bats
  4 endoplasms
  4 goblins
  4 hobgoblins
  42 kobolds
  2 quokkas (D:4)
  4 frilled lizards
  4 rats
137 creatures vanquished.

Notes
Turn   | Place    | Note
-------+----------+-------------------------------------------
     0 | D:1      | purpskrrrp the Gargoyle Monk began the quest for the Orb.
     0 | D:1      | Reached XP level 1. HP: 14/14 MP: 1/1
  1151 | D:2      | Reached XP level 2. HP: 19/19 MP: 2/2
  1633 | D:3      | Reached XP level 3. HP: 23/23 MP: 3/3
  1865 | D:3      | Found a faded altar of an unknown god.
  1877 | D:3      | Reached skill level 1 in Unarmed Combat
  2261 | D:4      | Noticed a scorpion
  2270 | D:4      | Killed a scorpion
  2271 | D:4      | Reached skill level 1 in Armour
  2271 | D:4      | Reached XP level 4. HP: 29/29 MP: 4/4
  2805 | D:4      | Reached XP level 5. HP: 32/33 MP: 5/5
  2979 | D:4      | Reached skill level 4 in Maces & Flails
  3411 | D:4      | Reached XP level 6. HP: 38/38 MP: 6/6
  4319 | D:5      | Entered Level 5 of the Dungeon
  4450 | D:5      | Noticed Grinder
  4466 | D:5      | Killed Grinder
  4467 | D:5      | Reached skill level 5 in Maces & Flails
  4467 | D:5      | Reached XP level 7. HP: 33/44 MP: 7/7
  4672 | D:5      | Found an iron altar of Okawaru.
  4721 | D:5      | Reached skill level 5 in Fighting
  4751 | D:5      | Found a broken altar of Ashenzari.
  4766 | D:5      | Found a snail-covered altar of Cheibriados.
  4882 | D:5      | Reached XP level 8. HP: 18/49 MP: 8/8
  5105 | D:5      | Reached skill level 6 in Maces & Flails
  5262 | D:5      | Found a blossoming altar of Fedhas.
  5370 | D:5      | Found a sacrificial altar of Ru.
  6232 | D:7      | Noticed a hornet
  6244 | D:7      | Killed a hornet
  6245 | D:7      | Reached skill level 7 in Maces & Flails
  6380 | D:7      | Reached skill level 8 in Maces & Flails
  6380 | D:7      | Reached XP level 9. HP: 53/55 MP: 9/9
  6524 | D:7      | Found a staircase to the Ecumenical Temple.
  6544 | Temple   | Entered the Ecumenical Temple
  6763 | Temple   | Became a worshipper of Qazlal Stormbringer
  6763 | Temple   | Reached * piety under Qazlal
  6763 | Temple   | Reached ** piety under Qazlal
  6813 | D:7      | Reached skill level 9 in Maces & Flails
  7353 | D:7      | Reached skill level 10 in Maces & Flails
  7558 | D:8      | Noticed a hornet
  7574 | D:8      | HP: 1/55 [hornet (10)]
  7576 | D:7      | Slain by a killer bee

Illustrated notes

Levels and vault maps discovered:
D:1:      scummos_arrival_simple_crosswalls, layout_loops_corners
D:2:      layout_rooms, kennysheep_path_1, lemuel_another_geyser
D:3:      layout_basic, chequers_ecumenical_altar_simple_redux, serial_rivers,
          chequers_serial_rivers_large_a, chequers_serial_rivers_micro_d,
          chequers_serial_rivers_small_b, chequers_serial_rivers_micro_e,
          chequers_serial_rivers_large_b
D:4:      minmay_goblin_kobold_castle, layout_basic, kennysheep_generic_room_15
D:5:      layout_gridville, mainiacjoe_overflow_tiny_flanked, okawaru_trees_2,
          mainiacjoe_overflow_cross_hatched, kennysheep_mini_moat,
          ashenzari_altar_1, minmay_misc_feat_ornament, uniq_grinder
D:6:      layout_cave_pools
D:7:      layout_loops_ring, minmay_temple_entry_crystal_x, minmay_manual_mares
D:8:      layout_rooms, grunt_temple_overflow_opulence
Temple:   chequers_temple_sunken

Skill      XL: |  1  2  3  4  5  6  7  8  9 |
---------------+----------------------------+-----
Unarmed Combat | 1 2 3 |  3.9
Armour         | 1 2 3 4 |  4.0
Fighting       | 4 5 |  5.7
Maces & Flails | 4 5 8 10 | 10.3
Dodging        | 3 4 |  4.3
Axes           | |  0.3
Stealth        | |  2.1

Action                   |  1- 3 |  4- 6 |  7- 9 || total
-------------------------+-------+-------+-------++-------
Melee: Mace              |    20 |       |       ||    20
       Hand axe          |    14 |       |       ||    14
       Flail             |    31 |   185 |   243 ||   459
       Punch             |     3 |     3 |     9 ||    15
  Use: Scroll            |     9 |     3 |     3 ||    15
       Potion            |       |     1 |     1 ||     2
 Stab: Sleeping          |     2 |     1 |     1 ||     4
Armor: Robe              |     9 |       |       ||     9
       Ring mail         |    15 |   195 |    64 ||   274
       Steam dragon scal |       |       |   141 ||   141
Dodge: Dodged            |    51 |   200 |   203 ||   454
Block: Other             |       |       |    15 ||    15

Table legend: (Time is in decaauts)
 A = Elapsed time spent in this place.
 B = Non-inter-level travel time spent in this place.
 C = Inter-level travel time spent in this place.
 D = Time resting spent in this place.
 E = Time spent auto-exploring this place.
 F = Levels seen in this place.
 G = Mean time per level.
                   A        B        C        D        E       F      G
               +--------+--------+--------+--------+--------+-----+--------+
         Total |   7711 |   7071 |    640 |    854 |   4996 |   9 |  856.8 |
       Dungeon |   7418 |   6824 |    594 |    854 |   4778 |   8 |  927.2 |
        Temple |    292 |    247 |     45 |      0 |    218 |   1 |  292.0 |
               +--------+--------+--------+--------+--------+-----+--------+

Top non-repeatable levels by time:
     D:4: 2178 daAuts
     D:5: 1378 daAuts
     D:7: 1087 daAuts
     D:1: 953 daAuts
     D:3: 796 daAuts
     D:6: 548 daAuts
     D:2: 457 daAuts
  Temple: 292 daAuts
     D:8: 17 daAuts
